 Seeded DCSS version 0.31-a0-16-g6d2539766c (webtiles) character file.

Game seed: 2483839092913616997 (custom seed)

371 hikkokomori the Trooper (level 6, -3/40 HPs)
             Began as a Gargoyle Reaver on May 9, 2023.
             Was an Initiate of Gozag.
             Slain by a killer bee (4 damage)
             ... on level 4 of the Dungeon.
             The game lasted 00:07:09 (2802 turns).

hikkokomori the Trooper (Gargoyle Reaver)           Turns: 2802, Time: 00:07:10

Health: -3/40      AC: 14    Str: 17    XL:     6   Next: 70%
Magic:  11/11      EV:  5    Int: 14    God:    Gozag
Gold:   588        SH:  0    Dex:  8    Spells: 11/12 levels left

rFire   . . .        i - +5 woodcutter's axe
rCold   . . .        (shield currently unavailable)
rNeg    + . .        d - +0 plate armour
rPois   ∞            (no helmet)
rElec   +            (no cloak)
rCorr   .            (no gloves)
SInv    .            (no boots)
Will    .....        l - amulet of regeneration Stlth
                     (no ring)
HPRegen 1.06/turn    (no ring)
MPRegen 0.12/turn

%: no passive effects
@: gold aura
A: sickness immunity, AC +4, negative energy resistance 1, electricity
resistance, torment resistance 1, petrification resistance
a: Renounce Religion, Potion Petition, Call Merchant, Bribe Branch


You were on level 4 of the Dungeon.
You worshipped Gozag.
Gozag was pleased with you.
You visited 1 branch of the dungeon, and saw 5 of its levels.

You collected 618 gold pieces.
You paid 30 gold pieces to Gozag.

Inventory:

Hand Weapons
 a - a +0 mace
 i - the +5 woodcutter's axe (weapon)
   (You found it on level 2 of the Dungeon)
 r - a +1 dagger of venom
Missiles
 m - 40 stones
 n - 3 atropa-tipped darts
 y - 2 poisoned darts
Armour
 b - a +0 leather armour
 d - a +0 plate armour (worn)
 p - the +2 robe of Hadjma {Regen+ Str+9 Dex-4}
   (You found it on level 2 of the Dungeon)

   Str:       It affects your strength (+9).
   Dex:       It affects your dexterity (-4).
   Regen:     It increases your rate of health regeneration.
Jewellery
 f - a ring of ice
 l - an amulet of regeneration (around neck)
Wands
 s - a wand of flame (14)
Scrolls
 c - 3 scrolls of vulnerability {unknown}
 q - a scroll of fog {unknown}
 v - 3 scrolls of noise {unknown}
 x - a scroll of magic mapping {unknown}
Potions
 e - a potion of magic {unknown}
 g - 2 potions of lignification
 h - a potion of ambrosia
 j - a potion of attraction {unknown}
 k - a potion of brilliance {unknown}
 o - a potion of curing
 t - a potion of heal wounds
 u - a potion of mutation
 w - a potion of berserk rage {unknown}


   Skills:
 + Level 4.8 Fighting
 - Level 3.5 Maces & Flails
 - Level 2.3 Throwing
 + Level 0.0 Armour
 - Level 1.6 Dodging
 - Level 3.8 Spellcasting
 - Level 3.7 Conjurations


You had 11 spell levels left.
You knew the following spells:

 Your Spells              Type           Power      Damage    Failure   Level
a - Kiss of Death         Conj/Necr      28%        2d7       99%         1

Your spell library contained the following spells:

 Spells                   Type           Power      Damage    Failure   Level
 Ensorcelled Hibernation  Hex/Ice        4%         N/A       100%        2
 Momentum Strike          Conj/Tloc      14%        3d8       100%        2
 Hailstorm                Conj/Ice       7%         3d4       100%        3
 Inner Flame              Hex/Fire       2%         N/A       100%        3
 Spider Form              Tmut/Pois      2%         N/A       100%        3
 Anguish                  Hex/Necr       1%         N/A       100%        4
 Flame Wave               Conj/Fire      7%         2d5       100%        4
 Sticky Flame             Conj/Fire      7%         2d3       100%        4
 Summon Forest            Summ/Tloc      1%         N/A       100%        5
 Eringya's Noxious Bog    Tmut/Pois      1%         N/A       100%        6
 Summon Hydra             Summ           1%         N/A       100%        7


Dungeon Overview and Level Annotations

Branches:
Dungeon (5/15)
 Temple: D:4-7

Altars:
Elyvilon
Gozag
Xom

Shops:
D:3 (   D:4 :

Annotations:
D:5 Edmund


Innate Abilities, Weirdness & Mutations

You are immune to sickness and miasma.
Your stone body is resilient. (AC +4)
You are immune to poison.
You resist negative energy. (rN+)
You are resistant to electric shocks. (rElec)
You are resistant to unholy torment.
You are immune to petrification.


Message History

The killer bee stings you but does no damage.
The killer bee stings you! The hound bites you.
* * * LOW HITPOINT WARNING * * *
The killer bee closely misses you.
The killer bee stings you but does no damage.
You closely miss the hound.
The hound is severely wounded.
You miss the killer bee. You completely miss the killer bee.
The killer bee stings you but does no damage. x2
The hound bites you but does no damage.
The killer bee stings you but does no damage.
The killer bee stings you.
* * * LOW HITPOINT WARNING * * *
You closely miss the hound.
The hound is severely wounded.
You closely miss the killer bee. You miss the killer bee.
The hound bites you but does no damage. The killer bee stings you.
* * * LOW HITPOINT WARNING * * *
The killer bee barely misses you. The hound bites you but does no damage.
The killer bee stings you but does no damage.
The killer bee barely misses you.
You miss the hound.
The hound is severely wounded.
You barely miss the killer bee. You hit the killer bee.
The killer bee stings you but does no damage. x2
The hound bites you.
* * * LOW HITPOINT WARNING * * *
The killer bee stings you but does no damage.
The killer bee stings you.
* * * LOW HITPOINT WARNING * * *
Unknown command.
You barely miss the killer bee.
The killer bee is almost dead.
You hit the hound.
You kill the hound!
You closely miss the killer bee. The killer bee stings you.
* * * LOW HITPOINT WARNING * * *
The killer bee barely misses you. x2; The killer bee stings you.
You die...
Your body crumbles into a pile of gold.

# #........# #.......##.#
#. # #........#
#.#######..###. #
#....[...###
#.##....≈≈.≈≈#. #
#######....###
#.##.##≈≈≈.≈≈≈. #
####...####.##...≈≈⌠.⌠≈≈.
# ###...##.#####...∩....
###......#.##...≈≈⌠.⌠≈≈.
#......$...##...≈≈≈.≈≈≈#
#......@......#..≈≈.≈≈##
#......yy.....##...####
#.............######
##...###.#####.# #....#
#.# #.# #....# #.#####.#
#....# #.......# #...<#
######### #...##


You could see 2 killer bees.

Vanquished Creatures
  A scorpion (D:4)
  A howler monkey (D:3)
  A hound (D:4)
  A jelly (D:5)
  A gnoll bouda (D:3)
  Ijyb (D:3)
  4 gnolls
  7 adders
  3 worms
  A dart slug (D:4)
  An orc (D:3)
  10 ball pythons
  5 endoplasms
  3 giant cockroaches
  12 goblins
  11 hobgoblins
  6 kobolds
  3 quokkas (D:1)
  4 bats
  4 frilled lizards
  5 rats
85 creatures vanquished.

Notes
Turn   | Place    | Note
-------+----------+-------------------------------------------
     0 | D:1      | hikkokomori the Gargoyle Reaver began the quest for the
                  | Orb.
     0 | D:1      | Reached XP level 1. HP: 12/12 MP: 3/3
    12 | D:1      | Noticed a floating eye
    13 | D:1      | Found a faded altar of an unknown god.
    23 | D:1      | Noticed a golden eye
   159 | D:1      | Reached XP level 2. HP: 9/18 MP: 5/5
   269 | D:1      | Noticed a floating eye
   269 | D:1      | Noticed a golden eye
   533 | D:1      | Reached XP level 3. HP: 22/22 MP: 6/6
   605 | D:1      | Found a shimmering altar of Xom.
   867 | D:2      | Found an opulent altar of Gozag.
   869 | D:2      | Found the +5 woodcutter's axe
   875 | D:2      | Reached skill level 3 in Fighting
   878 | D:2      | Became a worshipper of Gozag Ym Sagoz the Greedy
   972 | D:2      | Reached XP level 4. HP: 28/28 MP: 7/7
  1140 | D:2      | Identified the +2 robe of Hadjma {Regen+ Str+9 Dex-4}
  1478 | D:3      | Found a white marble altar of Elyvilon.
  1518 | D:3      | Found Bylaneg's Weapon Emporium.
  1552 | D:3      | Noticed Ijyb
  1558 | D:3      | Killed Ijyb
  1559 | D:3      | Reached XP level 5. HP: 25/33 MP: 9/9
  2264 | D:3      | Reached skill level 4 in Fighting
  2264 | D:3      | Reached skill level 1 in Throwing
  2287 | D:3      | Reached XP level 6. HP: 31/39 MP: 9/11
  2549 | D:4      | Found Purhik's Self-Improvement Boutique.
  2743 | D:5      | Entered Level 5 of the Dungeon
  2776 | D:5      | Noticed Edmund
  2802 | D:4      | HP: 1/40 [killer bee (6)]
  2802 | D:4      | Slain by a killer bee

Illustrated notes

Levels and vault maps discovered:
D:1:      sevenhm_arrival_forest_fort_small_6, layout_loops_ring,
          hellmonk_ecumenical_altar_watching_god
D:2:      layout_rooms, basic_altar, minmay_randomly_rotated_circles
D:3:      layout_basic, mainiacjoe_overflow_cross_hatched, serial_shops,
          nicolae_shop_bloodbath_and_beyond, serial_aquarium,
          aquarium_bridge_square [aquarium_subvault_bridge,
          aquarium_subvault_window, aquarium_subvault_bridge,
          aquarium_subvault_window], aquarium_bridge_square
          [aquarium_subvault_balcony, aquarium_subvault_bridge,
          aquarium_subvault_wall, aquarium_subvault_wall], aquarium_window_fake,
          aquarium_window_fake, aquarium_window_fake, aquarium_view_2c,
          aquarium_balcony_3a, uniq_ijyb
D:4:      layout_basic, nicolae_shop_self_help
D:5:      layout_gridville, nicolae_shop_unique_rings,
          nicolae_elevator_lobby_asterisk, uniq_edmund

Skill      XL: |  1  2  3  4  5  6 |
---------------+-------------------+-----
Fighting       | 3 4 |  4.8
Spellcasting   | 3 |  3.8
Throwing       | 1 2 |  2.3
Maces & Flails | |  3.5
Dodging        | |  1.6
Conjurations   | |  3.7

Action                     |  1- 3 |  4- 6 || total
---------------------------+-------+-------++-------
  Melee: Mace              |   112 |       ||   112
         Battleaxe         |     6 |   116 ||   122
  Evoke: Wand              |       |     1 ||     1
    Use: Scroll            |       |     5 ||     5
         Potion            |       |     1 ||     1
 Armour: Leather armour    |     9 |       ||     9
         Plate armour      |    66 |   101 ||   167
  Dodge: Dodged            |    37 |    52 ||    89

Table legend: (Time is in decaauts)
 A = Elapsed time spent in this place.
 B = Non-inter-level travel time spent in this place.
 C = Inter-level travel time spent in this place.
 D = Time resting spent in this place.
 E = Time spent auto-exploring this place.
 F = Levels seen in this place.
 G = Mean time per level.
                   A        B        C        D        E       F      G
               +--------+--------+--------+--------+--------+-----+--------+
         Total |   2829 |   2751 |     78 |     18 |   2026 |   5 |  565.8 |
       Dungeon |   2829 |   2751 |     78 |     18 |   2026 |   5 |  565.8 |
               +--------+--------+--------+--------+--------+-----+--------+

Top non-repeatable levels by time:
     D:3: 906 daAuts
     D:1: 735 daAuts
     D:2: 683 daAuts
     D:4: 453 daAuts
     D:5: 50 daAuts
